 Dungeon Crawl Stone Soup version 0.30-a0-606-ga80edbb (webtiles) character file.

Game seed: 10275392784643081748

55 milkiemew the Twirler (level 3, -3/27 HPs)
             Began as a Demonspawn Gladiator on Jan 7, 2023.
             Was a Believer of Kikubaaqudgha.
             Slain by a gnoll
             ... wielding a +0 halberd
             ... led by a gnoll bouda
              (9 damage)
             ... on level 3 of the Dungeon.
             The game lasted 00:08:26 (1751 turns).

milkiemew the Twirler (Demonspawn Gladiator)        Turns: 1751, Time: 00:08:27

Health: -3/27      AC:  9    Str: 16    XL:     3   Next: 67%
Magic:  3/3        EV: 10    Int:  9    God:    Kikubaaqudgha [**....]
Gold:   169        SH:  0    Dex: 16    Spells: 2/3 levels left

rFire   . . .      SeeInvis .    a - +0 quarterstaff
rCold   . . .      Faith    .    (shield currently unavailable)
rNeg    . . .      Spirit   .    h - +0 scale mail
rPois   .          Reflect  .    c - +0 helmet
rElec   .          Harm     .    (no cloak)
rCorr   .          Rampage  .    s - +0 pair of gloves
Will    .....                    n - +0 pair of boots
Stlth   +                        (no amulet)
HPRegen 0.24/turn                (no ring)
MPRegen 0.08/turn                (no ring)

@: no status effects
A: hooves 1, thin skeletal structure 1
a: Renounce Religion, Unearth Wretches


You were on level 3 of the Dungeon.
You worshipped Kikubaaqudgha.
Kikubaaqudgha was pleased with you.
You visited 1 branch of the dungeon, and saw 3 of its levels.

You collected 169 gold pieces.

Inventory:

Hand Weapons
 a - a +0 quarterstaff (weapon)
 m - a +2 whip of freezing
 t - a +0 whip of flaming
Missiles
 d - 3 throwing nets (quivered)
 e - a javelin
Armour
 b - a +0 leather armour
 c - a +0 helmet (worn)
 h - a +0 scale mail (worn)
 n - a +0 pair of boots (worn)
 o - a +0 ring mail
 s - a +0 pair of gloves (worn)
Scrolls
 g - 3 scrolls of identify {unknown}
 i - 4 scrolls of poison {unknown}
 k - 3 scrolls of teleportation {unknown}
 r - 2 scrolls of fog {unknown}
Potions
 j - 2 potions of might {unknown}
 l - a potion of mutation {unknown}
 p - a potion of flight {unknown}


   Skills:
 + Level 2.2 Fighting
 + Level 3.3 Staves
 + Level 2.0 Throwing
 + Level 0.7 Armour
 + Level 3.0 Dodging
 + Level 0.5 Spellcasting
 + Level 0.5 Necromancy


You had 2 spell levels left.
You knew the following spells:

 Your Spells              Type           Power      Damage    Failure   Level
a - Necrotise             Necr           4%         1d4       77%         1

Your spell library contained the following spells:

 Spells                   Type           Power      Damage    Failure   Level
 Cigotuvi's Dreadful Rot  Necr/Pois/Air  0%         N/A       91%         2
 Vampiric Draining        Necr           1%         2d6       98%         3
 Animate Dead             Necr           1%         N/A       100%        4


Dungeon Overview and Level Annotations

Branches:
Dungeon (2/15)

Altars:
Kikubaaqudgha


Innate Abilities, Weirdness & Mutations

You have large cloven feet.
You have a somewhat thin skeletal structure. (Dex +2, Stealth+)


Message History

There is a shaft here.
Unknown command.
The gnoll bouda mumbles some strange prayers to its god.
The gnoll bouda is healed somewhat.
The gnoll bouda barks out a call to the hunt!
The gnoll falls through a shaft!
The shaft crumbles and collapses.
Your attacks no longer feel as feeble.
The gnoll closely misses you.
The gnoll bouda gazes fiercely through you!
You feel your attacks grow feeble.
Your attacks no longer feel as feeble.
It was a potion of curing.
You feel better. The gnoll hits you with a +0 club.
The gnoll hits you from afar with a +0 halberd!
* * * LOW HITPOINT WARNING * * *
You feel better. The gnoll closely misses you. The gnoll misses you.
You barely miss the gnoll. The gnoll barely misses you.
The gnoll hits you but does no damage.
You hit the gnoll but do no damage.
The gnoll is no longer moving quickly.
The gnoll hits you with a +0 club. The gnoll barely misses you.
The gnoll bouda barks out a call to the hunt!
The gnoll picks up the pace!
The gnoll hits you with a +0 club.
* * * LOW HITPOINT WARNING * * *
You closely miss the gnoll. The gnoll hits you but does no damage.
The gnoll barely misses you.
You barely miss the gnoll. The gnoll barely misses you.
The gnoll hits you but does no damage.
You hit the gnoll.
The gnoll is heavily wounded.
The gnoll barely misses you.
The gnoll bouda mumbles some strange prayers to its god.
The gnoll bouda is healed somewhat.
The gnoll closely misses you. The gnoll barely misses you.
You closely miss the gnoll.
The gnoll is heavily wounded.
The gnoll is no longer moving quickly.
The gnoll hits you with a +0 club.
* * * LOW HITPOINT WARNING * * *
The gnoll hits you from afar with a +0 halberd!
You die...
Kikubaaqudgha rasps: "You have failed me!
Welcome... death!"

#...........
##.........(.
#............
#...g..g.....
#.g...g#.####
##.##...#...## #
#.g#..........
##.#####.##.#........
#...@gggl##.##.......
#.#####g.##. #.......
#..##. ....... ...#
...... ..#.. ......
#####.. ...... ...
....


You could see a gnoll bouda, 2 gnolls, a goblin and a frilled lizard.

Vanquished Creatures
  An adder (D:2)
  A dart slug (D:1)
  4 endoplasms
  A giant cockroach (D:1)
  5 goblins
  A hobgoblin (D:1)
  4 jackals (D:2)
  3 quokkas
  5 ball pythons
  5 bats
  3 frilled lizards (D:1)
  4 kobolds
  5 rats
42 creatures vanquished.

Vanquished Creatures (others)
  A demonic plant (D:1)
1 creature vanquished.

Grand Total: 43 creatures vanquished

Notes
Turn   | Place    | Note
-------+----------+-------------------------------------------
     0 | D:1      | milkiemew the Demonspawn Gladiator began the quest for the
                  | Orb.
     0 | D:1      | Reached XP level 1. HP: 16/16 MP: 1/1
   120 | D:1      | Gained mutation: You have large cloven feet. [demonic
                  | ancestry]
   120 | D:1      | Reached XP level 2. HP: 14/22 MP: 2/2
   284 | D:1      | Found a faded altar of an unknown god.
   333 | D:1      | Prayed at the altar of an unknown god.
   333 | D:1      | Became a worshipper of Kikubaaqudgha
   333 | D:1      | Reached * piety under Kikubaaqudgha
   333 | D:1      | Received a gift from Kikubaaqudgha
   336 | D:1      | Learned a level 1 spell: Necrotise
   861 | D:2      | Gained mutation: You have a somewhat thin skeletal
                  | structure. (Dex +2, Stealth+) [demonic ancestry]
   861 | D:2      | Reached XP level 3. HP: 27/27 MP: 0/3
  1492 | D:2      | Reached ** piety under Kikubaaqudgha
  1498 | D:2      | HP: 1/27 [poisoned by an adder]
  1691 | D:2      | You fall into a shaft and drop 1 floor!
  1751 | D:3      | Slain by a gnoll

Illustrated notes

Levels and vault maps discovered:
D:1:      dpeg_arrival_subterranean_lakeside_camping, layout_rooms,
          shapermc_ecumenical_altar_gd, minmay_misc_feat_square, minivault_19
D:2:      layout_basic, hangedman_decor_points
D:3:      layout_rooms

Skill      XL: |  1  2 |
---------------+-------+-----
Staves         | 3 |  3.3
Dodging        | 3 |  3.0
Throwing       | 2 |  2.0
Fighting       | |  2.2
Armour         | |  0.7
Spellcasting   | |  0.5
Necromancy     | |  0.5

Action                   || total
-------------------------++-------
Melee: Quarterstaff      ||   118
       Kick              ||     5
 Cast: Necrotise         ||     3
  Use: Potion            ||     2
       Scroll            ||     1
Armor: Scale mail        ||    75
Dodge: Dodged            ||    97

Table legend: (Time is in decaauts)
 A = Elapsed time spent in this place.
 B = Non-inter-level travel time spent in this place.
 C = Inter-level travel time spent in this place.
 D = Time resting spent in this place.
 E = Time spent auto-exploring this place.
 F = Levels seen in this place.
 G = Mean time per level.
                   A        B        C        D        E       F      G
               +--------+--------+--------+--------+--------+-----+--------+
         Total |   1770 |   1754 |     16 |      0 |   1239 |   3 |  590.0 |
       Dungeon |   1770 |   1754 |     16 |      0 |   1239 |   3 |  590.0 |
               +--------+--------+--------+--------+--------+-----+--------+

Top non-repeatable levels by time:
     D:2: 968 daAuts
     D:1: 740 daAuts
     D:3: 61 daAuts
